 Dungeon Crawl Stone Soup version 0.29-a0-1016-g236c7fd91e (webtiles) character file.

Game seed: 504692188335720181

49 ragingrage the Chopper (level 3, -5/31 HPs)
             Began as a Minotaur Delver on Aug 9, 2022.
             Slain by Natasha (7 damage)
             ... on level 2 of the Dungeon.
             The game lasted 00:01:08 (1239 turns).

ragingrage the Chopper (Minotaur Delver)            Turns: 1239, Time: 00:01:09

Health: -5/31      AC:  8    Str: 18    XL:     3   Next: 51%
Magic:  2/2        EV:  7    Int:  7    God:
Gold:   94         SH:  0    Dex: 11    Spells: 2/2 levels left

rFire   . . .      SeeInvis .   a - +0 hand axe
rCold   . . .      Faith    .   (no shield)
rNeg    . . .      Spirit   .   q - +0 chain mail
rPois   .          Reflect  .   (helmet restricted)
rElec   .          Harm     .   (no cloak)
rCorr   .          Rampage  .   (no gloves)
Will    .....                   (no boots)
Stlth   ..........              (no amulet)
HPRegen 0.10/turn               (no ring)
MPRegen 0.08/turn               (no ring)

@: no status effects
A: horns 2, retaliatory headbutt
a: no special abilities


You were on level 2 of the Dungeon.
You visited 1 branch of the dungeon, and saw 5 of its levels.

You collected 94 gold pieces.

Inventory:

Hand Weapons
 a - a +0 hand axe (weapon)
 b - a +0 sling
Missiles
 h - 4 atropa-tipped darts (quivered)
 p - 5 javelins
Armour
 q - a +0 chain mail (worn)
Wands
 g - a wand of digging (3)
Scrolls
 c - a scroll of fog
 d - a scroll of magic mapping
 e - a scroll of fear
 k - a scroll of identify {unknown}
 l - a scroll of summoning {unknown}
 m - a scroll of teleportation {unknown}
 o - a scroll of butterflies {unknown}
Potions
 f - a potion of haste
 i - a potion of berserk rage {unknown}
 j - a potion of ambrosia {unknown}


   Skills:
 - Level 3.6 Fighting
 * Level 4.8 Axes
 - Level 2.1 Dodging
 - Level 4.1 Stealth


You had 2 spell levels left.
You didn't know any spells.
Your spell library was empty.

Dungeon Overview and Level Annotations

Branches:
Dungeon (5/15)
 Temple: D:4-7

Altars:

Annotations:
D:2 Natasha


Innate Abilities, Weirdness & Mutations

You have a pair of horns on your head.
You reflexively headbutt those who attack you in melee.


Message History

You are too injured to fight recklessly!
You are too injured to fight recklessly!
You are too injured to fight recklessly!
You are too injured to fight recklessly!
You are too injured to fight recklessly!
You miss Natasha.
Natasha is heavily wounded.
Natasha claws you but does no damage.
You closely miss Natasha. You headbutt Natasha.
Natasha is almost dead.
Natasha claws you.
You closely miss Natasha. Your headbutt misses Natasha.
Natasha is almost dead.
Natasha claws you.
You hit Natasha but do no damage.
Natasha is almost dead.
Natasha casts a spell at you. The magic dart hits you!
* * * LOW HITPOINT WARNING * * *
You barely miss Natasha.
Natasha is almost dead.
Natasha claws you.
* * * LOW HITPOINT WARNING * * *
You completely miss Natasha.
Natasha is almost dead.
Natasha claws you.
* * * LOW HITPOINT WARNING * * *
You hit Natasha.
Natasha is almost dead.
Natasha claws you but does no damage.
You miss Natasha.
Natasha is almost dead.
Natasha wildly gestures.
Natasha's front paws start to glow.
Natasha claws you.
* * * LOW HITPOINT WARNING * * *
You hit Natasha.
Natasha is almost dead.
Natasha claws you!
You die...

### #@##
##h#.###
..###..########
###.#...........
###
#.#..####.###
....###.#.(#
#........#
#...#..##.####.#
#. #..##......#


You could see Natasha.

Vanquished Creatures
  A gnoll (D:1)
  2 dart slugs (D:1)
  An orc (D:5)
  3 endoplasms (D:1)
  A giant cockroach (D:1)
  A goblin (D:1)
  2 hobgoblins (D:1)
  4 jackals (D:1)
  A kobold (D:1)
  7 ball pythons
  A bat (D:1)
  9 rats (D:1)
33 creatures vanquished.

Vanquished Creatures (others)
  2 fungi (D:5)
2 creatures vanquished.

Grand Total: 35 creatures vanquished

Notes
Turn   | Place    | Note
-------+----------+-------------------------------------------
     0 | D:5      | ragingrage the Minotaur Delver began the quest for the Orb.
     0 | D:5      | Reached XP level 1. HP: 19/19 MP: 0/0
     7 | D:5      | Noticed an ice beast
     9 | D:5      | Noticed an iguana
    86 | D:4      | Noticed a phantom
   260 | D:1      | Reached XP level 2. HP: 16/26 MP: 1/1
   689 | D:1      | Reached XP level 3. HP: 31/31 MP: 2/2
  1228 | D:2      | Noticed Natasha
  1238 | D:2      | HP: 1/31 [Natasha (3)]
  1239 | D:2      | Slain by Natasha

Illustrated notes

Levels and vault maps discovered:
D:1:      dpeg_arrival_ratfight, layout_loops_ring
D:2:      layout_loops_ring, shapermc_ecumenical_altar_mp_urbaneastern,
          uniq_sigmund, uniq_jessica, uniq_natasha
D:3:      layout_basic, serial_shops, nicolae_shop_behind_doors,
          uniq_crazy_yiuf_cottage, uniq_terence
D:4:      layout_basic
D:5:      layout_basic, serial_aquarium, aquarium_bridge_square
          [aquarium_subvault_wall, aquarium_subvault_window,
          aquarium_subvault_bridge, aquarium_subvault_wall],
          aquarium_window_corner, aquarium_window_3, aquarium_view_2a,
          aquarium_view_2b, aquarium_pool_split, uniq_menkaure

Skill      XL: |  1  2 |
---------------+-------+-----
Axes           | 3 4 |  4.8
Fighting       | |  3.6
Dodging        | |  2.1
Stealth        | |  4.1

Action                   || total
-------------------------++-------
Melee: Hand axe          ||    82
       Headbutt          ||    14
       Punch             ||     1
 Fire: Sling             ||     3
 Stab: Sleeping          ||     5
Armor: Leather armour    ||    21
       Chain mail        ||     2
Dodge: Dodged            ||    46

Table legend: (Time is in decaauts)
 A = Elapsed time spent in this place.
 B = Non-inter-level travel time spent in this place.
 C = Inter-level travel time spent in this place.
 D = Time resting spent in this place.
 E = Time spent auto-exploring this place.
 F = Levels seen in this place.
 G = Mean time per level.
                   A        B        C        D        E       F      G
               +--------+--------+--------+--------+--------+-----+--------+
         Total |   1246 |   1220 |     26 |     44 |    897 |   5 |  249.2 |
       Dungeon |   1246 |   1220 |     26 |     44 |    897 |   5 |  249.2 |
               +--------+--------+--------+--------+--------+-----+--------+

Top non-repeatable levels by time:
     D:1: 1068 daAuts
     D:4: 102 daAuts
     D:2: 46 daAuts
     D:3: 16 daAuts
     D:5: 11 daAuts
